 Dungeon Crawl Stone Soup version 0.30-a0-1085-g990a428a5c (webtiles) character file.

Game seed: 11444250052172728598

20 Gynju the Trooper (level 2, -1/27 HPs)
             Began as a Hill Orc Fighter on Apr 16, 2023.
             Slain by a kobold
             ... wielding a +0 dagger of venom
              (2 damage)
             ... on level 1 of the Dungeon.
             The game lasted 00:00:20 (227 turns).

Gynju the Trooper (Hill Orc Fighter)                 Turns: 227, Time: 00:00:20

Health: -1/27      AC:  6    Str: 18    XL:     2   Next: 79%
Magic:  2/2        EV:  9    Int:  8    God:
Gold:   24         SH:  4    Dex: 10    Spells: 1/1 levels left

rFire   . . .      SeeInvis .    a - +0 war axe
rCold   . . .      Faith    .    c - +0 buckler
rNeg    . . .      Spirit   .    b - +0 scale mail
rPois   .          Reflect  .    (no helmet)
rElec   .          Rampage  .    (no cloak)
rCorr   .                        (no gloves)
Will    .....                    (no boots) Stlth
                                 (no amulet)
HPRegen 0.24/turn                (no ring)
MPRegen 0.08/turn                (no ring)

@: lethally poisoned (-1 -> -7)
A: no striking features
a: no special abilities


You were on level 1 of the Dungeon.
You visited 1 branch of the dungeon, and saw 1 of its levels.

You collected 24 gold pieces.

Inventory:

Hand Weapons
 a - a +0 war axe (weapon)
Armour
 b - a +0 scale mail (worn)
 c - a +0 buckler (worn)
Potions
 d - 2 potions of might
 e - a potion of attraction {unknown}


   Skills:
 + Level 3.9 Fighting
 + Level 3.2 Axes
 + Level 3.5 Armour
 + Level 3.6 Shields


You had one spell level left.
You didn't know any spells.
Your spell library was empty.

Dungeon Overview and Level Annotations

Branches:
Dungeon (1/15)

Altars:


Message History

You feel very sick. The kobold barely misses you.
You are too injured to fight recklessly!
You are too injured to fight recklessly!
You are too injured to fight recklessly!
You are too injured to fight recklessly!
A kobold is nearby!
A kobold is nearby!
You are too injured to fight recklessly!
You hit the kobold.
The kobold is severely wounded.
You feel very sick. The kobold hits you but does no damage.
You are more poisoned.
You block the kobold's attack.
You barely miss the kobold.
The kobold is severely wounded.
You feel very sick. The kobold closely misses you.
You closely miss the kobold.
The kobold is severely wounded.
* * * LOW HITPOINT WARNING * * *
You feel very sick. The kobold closely misses you.
You block the kobold's attack.
You barely miss the kobold.
The kobold is severely wounded.
* * * LOW HITPOINT WARNING * * *
You feel very sick. The kobold completely misses you.
You hit the kobold.
The kobold is severely wounded.
* * * LOW HITPOINT WARNING * * *
You feel sick. The kobold hits you but does no damage.
You are lethally poisoned!
You hit the kobold but do no damage.
The kobold is severely wounded.
* * * LOW HITPOINT WARNING * * *
You feel very sick.
The kobold hits you with a +0 dagger of venom.
You die...

#.# #######.###########
..>...............#
#######.####.##.#......
#.# #.##.# ##### #.#
#.##.####### #.#
##.##.#...... #.#
#........#
#.....#..@K#...#
#####....#...#... ##.#.
#.## ## #.#. .# # #. ..
.. ..# .# .# .


You could see a kobold.

Vanquished Creatures
  A gnoll (D:1)
  A ball python (D:1)
  2 endoplasms (D:1)
  2 goblins (D:1)
  A hobgoblin (D:1)
  A bat (D:1)
  A kobold (D:1)
  A rat (D:1)
10 creatures vanquished.

Notes
Turn   | Place    | Note
-------+----------+-------------------------------------------
     0 | D:1      | Gynju the Hill Orc Fighter began the quest for the Orb.
     0 | D:1      | Reached XP level 1. HP: 19/19 MP: 1/1
    28 | D:1      | Reached XP level 2. HP: 16/27 MP: 2/2
   227 | D:1      | HP: 1/27 [poisoned by a kobold]
   227 | D:1      | Slain by a kobold

Illustrated notes

Levels and vault maps discovered:
D:1:      shiori_arrival_oz, layout_loops_ring,
          shapermc_ecumenical_altar_mp_vishouse, hangedman_abyss_or_decor_stabs

Skill      XL: |  1 |
---------------+----+-----
Axes           | 3 |  3.2
Fighting       | |  3.9
Armour         | |  3.5
Shields        | |  3.6

Action                     || total
---------------------------++-------
  Melee: War axe           ||    34
 Armour: Scale mail        ||     9
  Dodge: Dodged            ||    23
  Block: Buckler           ||     7

Table legend: (Time is in decaauts)
 A = Elapsed time spent in this place.
 B = Non-inter-level travel time spent in this place.
 C = Inter-level travel time spent in this place.
 D = Time resting spent in this place.
 E = Time spent auto-exploring this place.
 F = Levels seen in this place.
 G = Mean time per level.
                   A        B        C        D        E       F      G
               +--------+--------+--------+--------+--------+-----+--------+
         Total |    239 |    239 |      0 |      0 |    173 |   1 |  239.0 |
       Dungeon |    239 |    239 |      0 |      0 |    173 |   1 |  239.0 |
               +--------+--------+--------+--------+--------+-----+--------+

Top non-repeatable levels by time:
     D:1: 239 daAuts
